 Dungeon Crawl Stone Soup version 0.25-a0-246-g58704a1ebd (webtiles) character file.

Game seed: 783480689379435600, levelgen mode: classic

242 Borgoz the Shield-Bearer (level 6, -2/43 HPs)
             Began as a Halfling Fighter on Dec 4, 2019.
             Slain by an orc warrior
             ... wielding a +0 war axe
              (7 damage)
             ... on level 3 of the Dungeon.
             The game lasted 00:03:57 (2874 turns).

Borgoz the Shield-Bearer (Halfling Fighter)         Turns: 2874, Time: 00:03:58

Health: -2/43      AC:  8    Str: 24    XL:     6   Next: 31%
Magic:  6/6        EV:  9    Int:  9    God:
Gold:   131        SH: 10    Dex: 14    Spells: 5/5 levels left

rFire    . . .     SeeInvis .   a - +0 rapier
rCold    . . .     Gourm    .   c - +0 shield
rNeg     . . .     Faith    .   b - +0 scale mail
rPois    .         Spirit   .   (no helmet)
rElec    .         Reflect  .   (no cloak)
rCorr    .         Harm     .   x - +0 pair of gloves
MR       .....                  (no boots)
Stlth    +.........             u - amulet of the acrobat
HPRegen  0.14/turn              g - +3 ring of intelligence
MPRegen  0.10/turn              (no ring)

@: mighty
A: small, mutation resistance 1
a: no special abilities


You were on level 3 of the Dungeon.
You were hungry.

You visited 1 branch of the dungeon, and saw 4 of its levels.

You collected 131 gold pieces.

Inventory:

Hand Weapons
 a - a +0 rapier (weapon)
Armour
 b - a +0 scale mail (worn)
 c - a +0 shield (worn)
 x - a +0 pair of gloves (worn)
Jewellery
 g - a +3 ring of intelligence (left hand)
 u - an amulet of the acrobat (around neck)
Scrolls
 i - a scroll of immolation {unknown}
 j - 2 scrolls of remove curse {unknown}
 k - 3 scrolls of identify {unknown}
 l - 2 scrolls of teleportation {unknown}
 m - a scroll of blinking {unknown}
 q - 2 scrolls of magic mapping {unknown}
 y - a scroll of enchant weapon {unknown}
Potions
 d - 2 potions of invisibility {unknown}
 e - a potion of brilliance {unknown}
 h - a potion of degeneration {unknown}
 n - 3 potions of agility
 o - a potion of heal wounds {unknown}
 r - a potion of ambrosia {unknown}
 s - 3 potions of lignification {unknown}
 t - a potion of curing {unknown}
 v - a potion of flight {unknown}
 w - a potion of haste
Comestibles
 f - 13 rations


   Skills:
 * Level 4.1 Fighting
 + Level 3.7 Short Blades
 + Level 4.0 Armour
 + Level 2.6 Stealth
 + Level 4.2 Shields


You had 5 spell levels left.
You didn't know any spells.
Your spell library was empty.

Dungeon Overview and Level Annotations

Branches:
Dungeon (4/15)
 Temple: D:4-7

Altars:
Ru
Xom


Innate Abilities, Weirdness & Mutations

You are small and have problems with some larger weapons.
You are somewhat resistant to further mutation.


Message History

You are too injured to fight recklessly!
Okay, then.
You aren't carrying any items that you can evoke.
Okay, then.
You aren't carrying any items that you can evoke.
Unknown command.
You feel very mighty all of a sudden.
The orc warrior hits you with a +0 war axe!
* * * LOW HITPOINT WARNING * * *
You puncture the orc warrior!
The orc warrior is heavily wounded.
The orc warrior closely misses you.
Okay, then.
You hit the orc warrior.
The orc warrior is severely wounded.
You block the orc warrior's attack.
You closely miss the orc warrior.
The orc warrior is severely wounded.
The orc warrior hits you with a +0 war axe!
You die...

#.#....÷..####.....#
#......).....#.###.#
#.#.####÷.##...# #..
#.#.## #.......###..
#....###.#####.....#
#........# ####.##
###..###.# #...
#o.###>########.##
####@.##..........÷##
#.........##.........
###.#...##.###.####.###
#...#...##.).)....#.##.
#.#####.##)###.##.#.##.
#...#...##.# #.....#...
###.#.#.##.# #......##.
#...#.##.###..###)##.
##(.#................


You could see an orc warrior.

Vanquished Creatures
  Terence (D:3)
  Natasha (thrice) (D:3)
  An orc wizard (D:3)
  An adder (D:3)
  2 leopard geckos (D:2)
  12 orcs
  2 ball pythons
  7 bats
  A giant cockroach (D:3)
  11 goblins
  9 hobgoblins
  15 jackals
  5 kobolds
  A quokka (D:3)
  9 frilled lizards (D:2)
  A leopard gecko skeleton (D:2)
  11 rats
92 creatures vanquished.

Notes
Turn   | Place    | Note
-------+----------+-------------------------------------------
     0 | D:1      | Borgoz the Halfling Fighter began the quest for the Orb.
     0 | D:1      | Reached XP level 1. HP: 15/15 MP: 1/1
   277 | D:1      | Reached XP level 2. HP: 20/20 MP: 2/2
   972 | D:2      | Reached skill level 1 in Stealth
   975 | D:2      | Reached XP level 3. HP: 24/26 MP: 3/3
  1278 | D:2      | Reached XP level 4. HP: 30/31 MP: 4/4
  1470 | D:3      | Noticed Terence
  1479 | D:3      | Killed Terence
  1482 | D:3      | Reached XP level 5. HP: 19/36 MP: 5/5
  1670 | D:3      | Noticed Natasha
  1677 | D:3      | Killed Natasha
  1708 | D:3      | Found a sacrificial altar of Ru.
  1718 | D:3      | Noticed Natasha
  1725 | D:3      | Killed Natasha
  1981 | D:3      | Reached XP level 6. HP: 43/43 MP: 6/6
  2069 | D:4      | Found a shimmering altar of Xom.
  2235 | D:4      | Noticed an orc warrior
  2297 | D:3      | Noticed Natasha
  2306 | D:3      | Killed Natasha
  2874 | D:3      | Slain by an orc warrior

Levels and vault maps discovered:
D:1:      saegor_arrival_miasma, layout_basic
D:2:      layout_rooms, minmay_lizard_pond
D:3:      layout_loops_ring, nicolae_ru_great_annihilating_truth, first_ration,
          uniq_terence, uniq_natasha
D:4:      layout_loops_cross, xom_teletrap_fun

Skill      XL: |  1  2  3  4  5  6 |
---------------+-------------------+-----
Fighting       | 3 4 |  4.1
Stealth        | 1 2 |  2.6
Short Blades   | 3 |  3.7
Shields        | 4 |  4.2
Armour         | 4 |  4.0

Action                   |  1- 3 |  4- 6 || total
-------------------------+-------+-------++-------
Melee: Rapier            |   123 |   170 ||   293
  Use: Potion            |       |     2 ||     2
 Stab: Invisible         |       |     1 ||     1
       Paralysed         |       |     1 ||     1
  Eat: Chunk             |     1 |     5 ||     6
Armor: Scale mail        |    62 |    74 ||   136
Dodge: Dodged            |    59 |    61 ||   120
Block: Shield            |    83 |    99 ||   182

Table legend:
 A = Non-vault XP
 B = Vault XP
 C = Vault XP percentage of total XP
 D = Non-vault monster count
 E = Vault monster count
 F = Vault count percentage of total count
                 A         B        C        D         E       F
            +---------+---------+-------+---------+---------+-------
      Total |     265 |      82 |  23.6 |      83 |       9 |   9.8
            +---------+---------+-------+---------+---------+-------
        D:1 |      26 |       0 |   0.0 |      16 |       0 |   0.0
        D:2 |      45 |       3 |   6.2 |      29 |       3 |   9.4
        D:3 |     173 |      79 |  31.3 |      31 |       6 |  16.2
        D:4 |      21 |       0 |   0.0 |       7 |       0 |   0.0
            +---------+---------+-------+---------+---------+-------
